 Dungeon Crawl Stone Soup version 0.26-a0-683-g5206c1d7ac (webtiles) character file.

Game seed: 7068088719388759712

19618 marklar909 the Geomancer (level 13, 0/83 HPs)
             Began as a Formicid Earth Elementalist on Oct 23, 2020.
             Was a Priest of Makhleb.
             Splashed by an oklob plant's acid (16 damage)
             ... on level 2 of the Lair of Beasts.
             The game lasted 00:30:14 (18539 turns).

marklar909 the Geomancer (FoEE)                    Turns: 18539, Time: 00:30:15

Health: 0/83       AC:  3    Str: 15    XL:     13   Next: 6%
Magic:  16/29      EV: 12    Int: 24    God:    Makhleb [***...]
Gold:   926        SH:  5    Dex: 11    Spells: 23/36 levels left

rFire    . . .     SeeInvis +   o - +3 flail (vamp)
rCold    . . .     Faith    .   w - +0 buckler
rNeg     + . .     Spirit   .   G - +3 leather armour of Omugismy {Slay+5 Stlth+}
rPois    .         Reflect  .   (helmet unavailable)
rElec    .         Harm     .   B - +1 cloak
rCorr    .         Rampage  .   (no gloves)
MR       +....                  q - +2 pair of boots
Stlth    +++.......             l - amulet of magic regeneration
HPRegen  0.23/turn              y - +6 ring of intelligence
MPRegen  0.46/turn              K - ring of positive energy

@: corroded
A: permanent stasis, dig shafts and tunnels, four strong arms, antennae 3
a: Dig, Shaft Self, Minor Destruction, Lesser Servant of Makhleb, Renounce
Religion


You were on level 2 of the Lair of Beasts.
You worshipped Makhleb.
Makhleb was most pleased with you.
You visited 2 branches of the dungeon, and saw 14 of its levels.

You collected 1006 gold pieces.
You spent 80 gold pieces at shops.

Inventory:

Hand Weapons
 o - a +3 vampiric flail (weapon)
Missiles
 b - 186 stones (quivered)
 r - 13 curare-tipped darts
Armour
 q - a +2 pair of boots (worn)
 w - a +0 buckler (worn)
 B - a +1 cloak (worn)
 E - a +2 robe of resistance
 G - the +3 leather armour of Omugismy (worn) {Slay+5 Stlth+}
   (You found it on level 8 of the Dungeon)

   It affects your accuracy and damage with ranged weapons and melee attacks
   (+5).
   It makes you more stealthy.
Jewellery
 g - an uncursed ring of protection from cold
 l - an amulet of magic regeneration (around neck)
 y - a +6 ring of intelligence (left hand)
 C - an uncursed ring of protection from fire
 I - an uncursed ring of resist corrosion
 K - a ring of positive energy (right hand)
 M - an uncursed ring of fire {unknown}
Wands
 k - a wand of acid (26)
 m - a wand of flame (16)
 s - a wand of paralysis (1)
 x - a wand of iceblast (33)
 D - a wand of digging (5)
 H - a wand of disintegration (32)
 L - a wand of enslavement (11)
Scrolls
 e - 2 scrolls of magic mapping
 h - 2 scrolls of remove curse
 j - 2 scrolls of fear
 J - 4 scrolls of identify
 N - a scroll of amnesia {unknown}
 O - a scroll of brand weapon
 P - 2 scrolls of torment
Potions
 a - 2 potions of might
 c - 2 potions of heal wounds
 d - a potion of brilliance {unknown}
 f - 2 potions of resistance
 i - 7 potions of curing
 n - a potion of mutation
 p - 2 potions of lignification
 t - 2 potions of invisibility
 u - 3 potions of stabbing
 v - a potion of ambrosia {unknown}
 z - a potion of degeneration {unknown}
 A - 4 potions of magic
 F - a potion of flight {unknown}
Miscellaneous
 R - a phial of floods


   Skills:
 + Level 2.1 Fighting
 + Level 0.3 Maces & Flails
 + Level 3.7 Armour
 + Level 3.0 Dodging
 + Level 4.7 Stealth
 + Level 5.3 Shields
 + Level 12.3 Spellcasting
 + Level 6.5 Conjurations
 + Level 1.6 Transmutations
 + Level 13.8 Earth Magic
 * Level 6.5 Invocations


You had 23 spell levels left.
You knew the following spells:

 Your Spells              Type           Power        Failure   Level
a - Sandblast             Erth           ######       1%          1
b - Stone Arrow           Conj/Erth      ######       1%          3
c - Petrify               Tmut/Erth      ######..     1%          4
d - Lee's Rapid Deconstr  Erth           ######....   1%          5

Your spell library contained the following spells:

 Spells                   Type           Power        Failure   Level
 Passwall                 Tmut/Erth      ######..     1%          2
 Gell's Gravitas          Tloc           ##........   16%         3
 Lesser Beckoning         Tloc           ##........   16%         3
 Teleport Other           Tloc           ##......     16%         3
 Passage of Golubria      Tloc           N/A          45%         4
 Blink                    Tloc           Unusable     N/A         2

Dungeon Overview and Level Annotations

Branches:
Dungeon (12/15)            Temple (0/1) D:7            Lair (2/6) D:11
    Orc (0/2) D:12
  Swamp: Lair:2-4    Shoals: Lair:2-4     Snake: Lair:2-4    Spider: Lair:2-4

Altars:
Cheibriados
Fedhas
Makhleb
Okawaru
Ru
Trog
Uskayaw
Xom
The Shining One

Shops:
D:5 !   D:7 }

Annotations:
D:12 Jorgrun
Lair:2 exclusion: oklob plant


Innate Abilities, Weirdness & Mutations

You cannot be hasted, slowed, berserked, paralysed or teleported.
You can dig through walls and to a lower floor.
Your four strong arms can wield two-handed weapons with a shield.
You have a pair of large antennae on your head. (SInv)


Message History

Casting: Stone Arrow (safe; 1% risk of failure)
Confirm with . or Enter, or press ? or * to list all spells.
Aiming: Stone Arrow (safe; 1% risk of failure)
Press: ? - help, Shift-Dir - straight line, f/p - oklob plant
Aim: an oklob plant (heavily damaged)
The stone arrow hits the oklob plant.
The oklob plant is severely damaged.
Unknown command.
Casting: Stone Arrow (safe; 1% risk of failure)
Confirm with . or Enter, or press ? or * to list all spells.
Aiming: Stone Arrow (safe; 1% risk of failure)
Press: ? - help, Shift-Dir - straight line, f/p - oklob plant
Aim: an oklob plant (severely damaged)
The stone arrow hits the oklob plant.
The oklob plant is severely damaged.
The oklob plant spits acid at you. The splash of acid hits you!
* * * LOW HITPOINT WARNING * * *
You are splashed with acid!
You die...

.......................# ##.#..#
......###.############### ####..
.....#.#..##.♣.#PPPPP♣P P♣#.♣.#.#
.....#.##.#P♣P..PPPPPP♣♣♣PP♣PP#.#
..........#.P..#PP##PP.PPPPPPP#.#
#.###...P.#P..PPPPP♣#P♣P.PPPPP#.P
###....##<# #..PPP........PPP♣#.#
####....#.#P#.P.P..≈≈≈≈≈...PPP#.#
..##.....##PPPP♣@.≈≈≈≈≈≈≈..PPP#.#
.##P......#P#....≈≈≈≈≈≈≈≈≈..#P#.#
..........#.P.P.≈≈≈≈≈≈≈≈≈≈≈.♣ #.#
..........#P#♣♣.≈≈≈≈...≈≈≈≈.###.#
...#.....## PP......_.≈≈≈≈......
....#.....# PP.≈≈≈≈...≈≈≈≈.#####
.#...#..#.# PPP.≈≈≈≈≈≈≈≈≈≈≈.#
.#......####PPP..≈≈≈≈≈≈≈≈≈..P
..#.P..## P♣PP#..≈≈≈≈≈≈≈..PPP


You could see an oklob plant.

Vanquished Creatures
  Harold (D:7)
  3 hydras
  A two-headed ogre (D:11)
  An unseen horror (D:10)
  Pikel (D:7)
  2 ugly things
  2 oklob plants
  5 cyclopes
  A guardian serpent (D:10)
  A black mamba (Lair:1)
  A cane toad (Lair:2)
  2 rime drakes
  A kobold demonologist (D:11)
  A troll (D:11)
  8 blink frogs (Lair:2)
  Grinder (D:5)
  Sigmund (D:5)
  A basilisk (Lair:1)
  A wraith (D:11)
  A wyvern (D:11)
  13 yaks
  Menkaure (D:5)
  7 water moccasins
  4 black bears
  3 sky beasts
  7 orc warriors
  A phantom (D:5)
  3 ogres
  3 wolves (Lair:1)
  A necrophage (D:6)
  3 centaurs
  Blork the orc (D:5)
  2 big kobolds
  8 bullfrogs
  A water moccasin zombie (D:10)
  2 scorpions
  5 killer bees (D:10)
  3 wights (D:11)
  An electric eel (Lair:2)
  2 howler monkeys
  3 bullfrog zombies
  A centaur skeleton (D:4)
  7 orc priests
  Crazy Yiuf (D:4)
  A bullfrog skeleton (D:5)
  5 hounds
  2 jellies
  9 orc wizards
  4 iguanas
  Ijyb (D:4)
  11 worker ants
  A hound skeleton (D:10)
  2 hound zombies
  Robin (D:3)
  8 gnolls
  9 adders
  2 shadow imps (D:6)
  A white imp (D:5)
  4 ufetubi
  An ooze (D:1)
  6 worms
  A dart slug (D:2)
  5 leopard geckos
  27 orcs
  2 ball pythons
  3 giant cockroaches
  13 goblins
  10 hobgoblins
  9 jackals
  5 quokkas
  4 bats
  6 frilled lizards
  A jackal skeleton (D:4)
  A jackal zombie (D:8)
  7 kobolds
  A leopard gecko zombie (D:5)
  5 rats
287 creatures vanquished.

Vanquished Creatures (others)
  3 fungi
  14 plants
  4 toadstools (D:4)
21 creatures vanquished.

Grand Total: 308 creatures vanquished

Notes
Turn   | Place    | Note
-------+----------+-------------------------------------------
     0 | D:1      | marklar909 the Formicid Earth Elementalist began the quest
                  | for the Orb.
     0 | D:1      | Reached XP level 1. HP: 13/13 MP: 3/3
   305 | D:1      | Reached XP level 2. HP: 19/19 MP: 1/5
   361 | D:1      | Reached skill level 4 in Earth Magic
   936 | D:2      | Reached XP level 3. HP: 24/24 MP: 3/6
  1113 | D:2      | You fall into a shaft and drop 2 floors!
  1118 | D:4      | Reached skill level 5 in Earth Magic
  1118 | D:4      | Reached XP level 4. HP: 23/30 MP: 2/8
  1306 | D:4      | Reached XP level 5. HP: 30/35 MP: 4/10
  1367 | D:4      | Noticed Robin
  1452 | D:3      | Reached XP level 6. HP: 24/41 MP: 0/12
  1624 | D:2      | Learned a level 3 spell: Stone Arrow
  2947 | D:3      | Found a glowing golden altar of the Shining One.
  2980 | D:3      | Reached skill level 6 in Earth Magic
  2983 | D:3      | Reached skill level 5 in Spellcasting
  3068 | D:3      | Found a hide-covered altar of Uskayaw.
  3698 | D:4      | Noticed Ijyb
  3702 | D:4      | Killed Ijyb
  3702 | D:4      | Reached XP level 7. HP: 46/46 MP: 5/15
  4204 | D:3      | Killed Robin
  4204 | D:3      | Reached skill level 1 in Shields
  4424 | D:4      | Found a runed translucent door.
  4425 | D:4      | Noticed Crazy Yiuf
  4592 | D:4      | Killed Crazy Yiuf
  4944 | D:5      | Entered Level 5 of the Dungeon
  5666 | D:5      | Reached skill level 1 in Armour
  5666 | D:5      | Reached skill level 1 in Conjurations
  5720 | D:5      | Noticed Grinder
  5726 | D:5      | Killed Grinder
  5726 | D:5      | Reached XP level 8. HP: 29/52 MP: 5/16
  5882 | D:5      | Reached skill level 7 in Earth Magic
  6002 | D:5      | Found Ryddyib's Distillery.
  6005 | D:5      | Bought a potion of curing for 30 gold pieces
  6005 | D:5      | Bought a potion of heal wounds for 50 gold pieces
  6212 | D:5      | Found a sacrificial altar of Ru.
  6296 | D:5      | Noticed Menkaure
  6299 | D:5      | Killed Menkaure
  6410 | D:5      | Noticed Sigmund
  6414 | D:5      | Killed Sigmund
  7178 | D:5      | Noticed Blork the orc
  7185 | D:5      | Killed Blork the orc
  7185 | D:5      | Reached XP level 9. HP: 58/58 MP: 4/18
  7215 | D:5      | Learned a level 4 spell: Petrify
  7221 | D:5      | Learned a level 5 spell: Lee's Rapid Deconstruction
  7613 | D:6      | Found a burning altar of Makhleb.
  7616 | D:6      | Found a shimmering altar of Xom.
  7638 | D:6      | Became a worshipper of Makhleb the Destroyer
  7872 | D:6      | Reached skill level 8 in Earth Magic
  8003 | D:6      | HP: 2/58 [orc priest/divine providence (9)]
  8858 | D:6      | Reached skill level 5 in Shields
  9345 | D:7      | Found an iron altar of Okawaru.
  9346 | D:7      | Found a bloodstained altar of Trog.
  9615 | D:7      | Noticed Harold
  9672 | D:7      | Noticed Pikel
  9805 | D:7      | Found Wetobrac's Gadget Shop.
 10005 | D:7      | Killed Pikel
 10005 | D:7      | Reached skill level 9 in Earth Magic
 10005 | D:7      | Reached XP level 10. HP: 62/64 MP: 6/22
 10116 | D:7      | Reached * piety under Makhleb
 10245 | D:7      | Found a staircase to the Ecumenical Temple.
 10490 | D:7      | Killed Harold
 10490 | D:7      | Reached skill level 10 in Earth Magic
 11219 | D:8      | Reached skill level 5 in Conjurations
 11287 | D:8      | Got a distressingly furry leather armour
 11452 | D:8      | Found a snail-covered altar of Cheibriados.
 11517 | D:8      | Noticed a purple ugly thing
 11543 | D:8      | Killed a purple ugly thing
 11772 | D:8      | Noticed a cyclops
 11869 | D:8      | Noticed a cyclops
 11881 | D:8      | Killed a cyclops
 12314 | D:8      | Killed a cyclops
 12314 | D:8      | Reached skill level 11 in Earth Magic
 12314 | D:8      | Reached XP level 11. HP: 69/69 MP: 2/24
 13373 | D:9      | Identified the +3 leather armour of Omugismy {Slay+5
                  | Stlth+} (You found it on level 8 of the Dungeon)
 13415 | D:10     | Entered Level 10 of the Dungeon
 13540 | D:10     | Reached skill level 10 in Spellcasting
 13724 | D:10     | Noticed an unseen horror
 13729 | D:10     | Killed an unseen horror
 13734 | D:10     | Reached ** piety under Makhleb
 13755 | D:10     | HP: 3/69 [poisoned by a guardian serpent (bolt of poison)]
 13763 | D:10     | HP: 3/69 [poisoned by a guardian serpent (bolt of poison)]
 14670 | D:11     | Reached skill level 12 in Earth Magic
 14670 | D:11     | Reached skill level 1 in Invocations
 15294 | D:11     | Noticed a cyclops
 15303 | D:11     | Killed a cyclops
 15368 | D:11     | Noticed a green ugly thing
 15374 | D:11     | Killed a green ugly thing
 15443 | D:11     | Noticed a cyclops
 15449 | D:11     | Killed a cyclops
 15536 | D:11     | Found a staircase to the Lair.
 15574 | D:11     | Noticed an oklob plant
 15623 | D:11     | Noticed an eight-headed hydra
 15628 | D:11     | Killed an eight-headed hydra
 15741 | D:11     | Noticed a two-headed ogre
 15745 | D:11     | Killed a two-headed ogre
 15745 | D:11     | Reached XP level 12. HP: 75/75 MP: 17/27
 15845 | D:11     | Noticed a six-headed hydra
 15852 | D:11     | Killed a six-headed hydra
 16258 | D:12     | Reached skill level 1 in Fighting
 16259 | D:12     | Reached *** piety under Makhleb
 16338 | D:12     | Noticed Jorgrun
 16340 | D:12     | Found a staircase to the Orcish Mines.
 16455 | Lair:1   | Entered Level 1 of the Lair of Beasts
 16508 | Lair:1   | Reached skill level 13 in Earth Magic
 16734 | Lair:1   | Reached skill level 5 in Invocations
 17352 | Lair:1   | Noticed a four-headed hydra
 17358 | Lair:1   | Killed a four-headed hydra
 18011 | Lair:2   | Reached XP level 13. HP: 66/83 MP: 25/29
 18506 | Lair:2   | Found a blossoming altar of Fedhas.
 18539 | Lair:2   | Splashed by an oklob plant's acid

Illustrated notes

Levels and vault maps discovered:
D:1:      heliophobic_arrival_henge, layout_loops_ring
D:2:      layout_loops_cross
D:3:      layout_basic, tso_metal_star, overflow_temple_1_default, st_stairs_14
D:4:      layout_basic, minmay_gold_behind_fungi, uniq_ijyb,
          uniq_crazy_yiuf_cottage, uniq_robin
D:5:      layout_basic, serial_shops, kennysheep_mini_moat, roderic_lattice_a,
          nicolae_ru_sacrificial_ziggurat, uniq_menkaure, uniq_sigmund,
          uniq_blork_the_orc, uniq_grinder
D:6:      layout_cave_pools, nicolae_overflow_hidden_temple, basic_altar
D:7:      layout_loops_ring, grunt_temple_overflow_bloody_war,
          minmay_temple_entry_waves, serial_shops, nicolae_shop_waterfront,
          uniq_harold, uniq_pikel
D:8:      minmay_chambers_of_sixes, layout_loops_ring, kennysheep_mini,
          serial_glass, glass_columns_a, glass_columns_c
D:9:      layout_roguey
D:10:     layout_big_octagon, nrook_guardian_serpent_ordinary
D:11:     layout_layer_cave, dpeg_oklobed_lair, minivault_19
D:12:     layout_rooms, orc_0_dummy, serial_shops, nicolae_shop_trees,
          uniq_jorgrun
Lair:1:   layout_hall_layers, grunt_megastairs_4, minmay_lair_oklob_chamber
Lair:2:   layout_loops_ring, tgw_fedhas, grunt_megastairs_5,
          serial_bayou_shore_a, serial_bayou_shore_b, serial_bayou_shore_b,
          lemuel_fruit_fields

Skill      XL: |  1  2  3  4  5  6  7  8  9 10 11 12 13 |
---------------+----------------------------------------+-----
Earth Magic    | 4 5 6 7 9 11 12 13 | 13.8
Spellcasting   | 3 4 5 6 8 9 11 12 | 12.3
Dodging        | 2 3 |  3.0
Shields        | 2 4 5 |  5.3
Armour         | 1 2 3 |  3.7
Conjurations   | 1 3 4 5 6 |  6.5
Stealth        | 3 4 |  4.7
Invocations    | 3 6 |  6.5
Fighting       | 2 |  2.1
Maces & Flails | |  0.3
Transmutations | |  1.6

Action                   |  1- 3 |  4- 6 |  7- 9 | 10-12 | 13-15 || total
-------------------------+-------+-------+-------+-------+-------++-------
Melee: Unarmed           |       |    21 |    13 |       |       ||    34
       Flail             |       |       |     1 |    29 |     2 ||    32
 Cast: Sandblast         |    31 |    87 |    50 |   140 |    12 ||   320
       Stone Arrow       |       |    12 |   125 |   173 |     6 ||   316
       Petrify           |       |       |     1 |     8 |       ||     9
       Lee's Rapid Decon |       |       |       |    14 |       ||    14
 Abil: Dig               |       |       |     1 |     1 |       ||     2
  Use: Scroll            |       |     5 |     8 |    12 |       ||    25
       Potion            |       |       |     1 |       |       ||     1
 Stab: Petrified         |       |       |       |     2 |       ||     2
Armor: Robe              |     3 |    10 |     7 |     4 |       ||    24
       Leather armour    |       |    19 |    18 |    26 |     5 ||    68
Dodge: Dodged            |     6 |    56 |    51 |    65 |     2 ||   180
Block: Buckler           |       |       |     7 |    27 |     3 ||    37

Table legend: (Time is in decaauts)
 A = Elapsed time spent in this place.
 B = Non-inter-level travel time spent in this place.
 C = Inter-level travel time spent in this place.
 D = Time resting spent in this place.
 E = Time spent auto-exploring this place.
 F = Levels seen in this place.
 G = Mean time per level.
                   A        B        C        D        E       F      G
               +--------+--------+--------+--------+--------+-----+--------+
         Total |  18571 |  17144 |   1427 |   3043 |  11805 |  14 | 1326.5 |
       Dungeon |  16467 |  15060 |   1407 |   2975 |  10069 |  12 | 1372.2 |
          Lair |   2103 |   2083 |     20 |     68 |   1736 |   2 | 1051.5 |
               +--------+--------+--------+--------+--------+-----+--------+

Top non-repeatable levels by time:
     D:4: 2331 daAuts
     D:5: 2205 daAuts
     D:8: 1808 daAuts
     D:7: 1791 daAuts
    D:11: 1566 daAuts
     D:3: 1420 daAuts
     D:6: 1214 daAuts
     D:2: 1209 daAuts
    D:10: 1191 daAuts
  Lair:1: 1058 daAuts
  Lair:2: 1045 daAuts
     D:9: 809 daAuts
     D:1: 800 daAuts
    D:12: 118 daAuts
